 Dungeon Crawl Stone Soup version 0.29.1-12-g30fa7ad0bf (webtiles) character file.

Game seed: 8529172188413923006

31060 Radix the Earth Mage (level 13, -14/75 HPs)
             Began as a Gargoyle Earth Elementalist on Dec 31, 2022.
             Was an Elder of Vehumet.
             Demolished by a boulder beetle (45 damage)
             ... on level 5 of the Lair of Beasts.
             The game lasted 01:58:57 (14266 turns).

Radix the Earth Mage (Gargoyle Earth Elementalist) Turns: 14266, Time: 01:58:58

Health: -14/75     AC: 25    Str: 12    XL:     13   Next: 55%
Magic:  31/31      EV: 11    Int: 27    God:    Vehumet [****..]
Gold:   597        SH:  0    Dex: 10    Spells: 31/40 levels left

rFire   . . .      SeeInvis .   f - +4 short sword (drain)
rCold   . . .      Faith    .   (no shield)
rNeg    + . .      Spirit   .   r - +0 steam dragon scales
rPois   ∞          Reflect  .   O - +2 hat {Will+}
rElec   +          Harm     .   L - +2 cloak
rCorr   .          Rampage  .   (no gloves)
Will    ++...                   J - +1 pair of boots
Stlth   ++........              d - amulet of magic regeneration
HPRegen 0.22/turn               i - +6 ring of intelligence
MPRegen 0.62/turn               y - ring of Yjilo {Will+ AC+4}

@: mighty
A: sickness immunity, AC +9, negative energy resistance 1, electricity
resistance, torment resistance 1, petrification resistance
a: Renounce Religion


You were on level 5 of the Lair of Beasts.
You worshipped Vehumet.
Vehumet was greatly pleased with you.
You visited 3 branches of the dungeon, and saw 14 of its levels.
You also visited: Ossuary.

You collected 623 gold pieces.
You spent 26 gold pieces at shops.

Inventory:

Hand Weapons
 f - a +4 short sword of draining (weapon)
 q - a +2 dagger of freezing
 A - a +0 morningstar
 D - a +0 morningstar of holy wrath
 K - a +3 whip of flaming
Armour
 a - a +0 robe
 l - a +0 helmet
 r - +0 steam dragon scales (worn)
 C - a +0 robe of willpower
 J - a +1 pair of boots (worn)
 L - a +2 cloak (worn)
 O - a +2 hat of willpower (worn)
Jewellery
 d - an amulet of magic regeneration (around neck)
 g - a +6 ring of dexterity
 i - a +6 ring of intelligence (left hand)
 y - the ring of Yjilo (right hand) {Will+ AC+4}
   (You found it on level 3 of the Lair of Beasts)

   [ring of protection]

   AC:        It affects your AC (+4).
   Will:      It increases your willpower.
 P - an amulet of faith
Wands
 w - a wand of flame (9)
Scrolls
 c - 6 scrolls of identify
 e - 2 scrolls of enchant armour
 h - 2 scrolls of brand weapon
 o - a scroll of poison
 s - a scroll of amnesia
 E - a scroll of magic mapping
 F - 2 scrolls of immolation
 H - 3 scrolls of teleportation
 I - 2 scrolls of enchant weapon
Potions
 b - 3 potions of magic
 j - 3 potions of mutation
 k - a potion of ambrosia
 n - 3 potions of attraction
 p - 3 potions of brilliance {unknown}
 t - a potion of invisibility {unknown}
 u - 3 potions of flight
 v - a potion of might
 x - 2 potions of lignification {unknown}
 G - 3 potions of degeneration
Miscellaneous
 z - a piece from Xom's chessboard (15/15)


   Skills:
 + Level 6.3 Fighting
 - Level 1.5 Dodging
 - Level 2.1 Stealth
 + Level 14.1 Spellcasting
 + Level 10.0 Conjurations
 - Level 0.7 Transmutations
 + Level 15.9 Earth Magic


You had 31 spell levels left.
You knew the following spells:

 Your Spells              Type           Power      Damage    Failure   Level
a - Sandblast             Erth           100%       2d20      0%          1
b - Stone Arrow           Conj/Erth      100%       3d13      1%          3
c - Lee's Rapid Deconstr  Erth           40%        3d21*     1%          5

Your spell library contained the following spells:

 Spells                   Type           Power      Damage    Failure   Level
 Beastly Appendage        Tmut           46%        N/A       1%          1
 Shock                    Conj/Air       100%       1d9       1%          1
 Passwall                 Tmut/Erth      49%        N/A       1%          2
 Poisonous Vapours        Pois/Air       38%        N/A       1%          2
 Petrify                  Tmut/Erth      59%        N/A       1%          4
 Slow                     Hex            76%        N/A       2%          1
 Frozen Ramparts          Ice            38%        1d6       2%          3
 Irradiate                Conj/Tmut      24%        3d19      2%          5
 Wereblood                Tmut           23%        N/A       3%          2
 Spider Form              Tmut/Pois      21%        N/A       8%          3
 Airstrike                Air            9%         2d(2-18)  8%          4
 Olgreb's Toxic Radiance  Pois           19%        N/A       8%          4
 Confusing Touch          Hex            19%        N/A       9%          3
 Swiftness                Air            19%        N/A       9%          3
 Vampiric Draining        Necr           19%        2d7       9%          3
 Ice Form                 Ice/Tmut       21%        N/A       24%         4
 Cause Fear               Hex            9%         N/A       28%         4
 Corpse Rot               Necr/Pois/Air  19%        N/A       28%         4
 Dispel Undead            Necr           19%        3d11      28%         4
 Summon Ice Beast         Ice/Summ       19%        N/A       28%         4
 Death Channel            Necr           9%         N/A       99%         6
 Ozocubu's Refrigeration  Ice            9%         4d9       99%         7
 Dragon Form              Tmut           11%        N/A       100%        7
 Ignition                 Fire           9%         3d5       100%        8
 Dragon's Call            Summ           9%         N/A       100%        9
 Sublimation of Blood     Necr           Unusable   N/A       N/A         2

Dungeon Overview and Level Annotations

Branches:
Dungeon (8/15)             Temple (1/1) D:5            Lair (5/5) D:8
 Shoals (0/4) Lair:2        Snake (0/4) Lair:2        Slime (0/5) Lair:4
Ossuary (visited)

Altars:
Ashenzari
Cheibriados
Dithmenos
Fedhas
Gozag
Hepliaklqana
Kikubaaqudgha
Makhleb
Nemelex Xobeh
Okawaru
Qazlal
Ru
Sif Muna
Trog
Uskayaw
Vehumet
Wu Jian
Xom
Yredelemnul
Zin
The Shining One

Shops:
D:2 [   D:3 ([?

Annotations:
D:4 3 runed translucent doors, xzight's ghost, amateur GnWr
Temple 2 transporters
Lair:2 2 transporters
Lair:4 2 runed translucent doors, Radix's ghost, journeyman BaSu


Innate Abilities, Weirdness & Mutations

You are immune to sickness and miasma.
Your stone body is resilient. (AC +9)
You are immune to poison.
You resist negative energy. (rN+)
You are resistant to electric shocks. (rElec)
You are resistant to unholy torment.
You are immune to petrification.


Message History

The elephant trunk-slaps you but does no damage.
You puncture the elephant!
The elephant is severely wounded.
The elephant barely misses you. The elephant trunk-slaps you.
You puncture the elephant! You drain the elephant.
The elephant is almost dead.
The elephant misses you.
The elephant trunk-slaps you but does no damage.
You puncture the elephant!
You kill the elephant!
Vehumet accepts your kill.
You feel your power returning.
You see here an elephant corpse.
You start resting.
A rat comes into view.
A rat is nearby!
The rat bites you but does no damage.
You barely miss the rat. Your punch misses the rat. The rat bites you.
You puncture the rat!
You kill the rat!
Vehumet accepts your kill.
You feel your power returning.
You start resting.
A boulder beetle comes into view.
The boulder beetle curls into a ball and begins rolling!
The boulder beetle attacks as you move away!
The boulder beetle hits you!!
* * * LOW HITPOINT WARNING * * *
The boulder beetle stops rolling and uncurls.
The boulder beetle leaps!
You feel better.
You feel better.
The boulder beetle curls into a ball and begins rolling!
As you read the scroll of identify, it crumbles to dust.
G - 3 potions of degeneration A hell rat comes into view.
The boulder beetle attacks as you move away!
The boulder beetle hits you!!!
Ouch! That really hurt!
You die...

..# #........ ..#
#.......###... ..#
#.......#..... ..####
##............#
...#.#####r##............#
................°.......#
.......# ##..°.....P#
.P#P..<# #...B.††..#
........# #.##.@.††.##
####.....# ## ##...###
#.#...######...##
#......##.#.....#
######......#.†....# ...#
##...○°......##
#.####............#
...##.........†..##
....#......P##...#


You could see a boulder beetle (rolling).

Vanquished Creatures
  Gastronok (Lair:2)
  Josephine (Lair:4)
  2 hydras
  A catoblepas (Lair:3)
  3 death yaks
  Pikel (D:8)
  6 elephants
  4 black mambas
  7 cane toads
  5 komodo dragons
  11 rime drakes
  A polar bear (Lair:2)
  A hornet (Lair:5)
  13 blink frogs
  5 wraiths
  3 wyverns
  32 yaks
  12 steam dragons
  3 basilisks
  Menkaure (D:4)
  12 water moccasins
  Edmund (D:4)
  An acid dragon (Lair:3)
  2 black bears
  2 ice beasts
  3 ogres
  5 centaurs
  5 wolves (Lair:1)
  A phantom (D:4)
  A kobold brigand (D:7)
  10 bullfrogs
  3 necrophages
  3 scorpions
  4 killer bees (D:8)
  An electric eel (Lair:1)
  A howler monkey (D:7)
  2 hounds
  A jelly (D:6)
  3 orc priests
  Ijyb (D:3)
  Natasha (twice) (D:4)
  5 iguanas
  13 orc wizards
  A mummy (Ossuary)
  Robin (D:4)
  A gnoll (D:1)
  A river rat (Lair:5)
  4 adders
  A shadow imp (D:7)
  A white imp (D:6)
  2 ufetubi
  4 worms
  2 dart slugs
  46 orcs
  5 bats
  9 endoplasms
  A giant cockroach (D:1)
  19 goblins
  9 hobgoblins
  5 jackals
  15 kobolds
  3 quokkas
  5 ball pythons
  3 frilled lizards
  8 gnoll skeletons (Ossuary)
  5 kobold skeletons (Ossuary)
  12 orc skeletons (Ossuary)
  8 rats
366 creatures vanquished.

Vanquished Creatures (others)
  A bush (Lair:2)
  54 fungi
  104 plants
159 creatures vanquished.

Grand Total: 525 creatures vanquished

Notes
Turn   | Place    | Note
-------+----------+-------------------------------------------
     0 | D:1      | Radix the Gargoyle Earth Elementalist began the quest for
                  | the Orb.
     0 | D:1      | Reached XP level 1. HP: 10/10 MP: 3/3
   290 | D:1      | Reached XP level 2. HP: 15/15 MP: 3/5
   356 | D:1      | Found a faded altar of an unknown god.
   360 | D:1      | Reached skill level 4 in Earth Magic
   603 | D:1      | Reached XP level 3. HP: 19/19 MP: 5/7
   954 | D:2      | Learned a level 3 spell: Stone Arrow
   992 | D:2      | Found a shadowy altar of Dithmenos.
  1008 | D:2      | Reached XP level 4. HP: 24/24 MP: 6/8
  1035 | D:2      | Found Sog Resk's Antique Armour Shop.
  1622 | D:3      | Found Hureirph's Antique Armour Boutique.
  1642 | D:3      | Reached skill level 5 in Earth Magic
  1911 | D:3      | Found a stormy altar of Qazlal.
  1970 | D:3      | Noticed Ijyb
  1977 | D:3      | Killed Ijyb
  1978 | D:3      | Reached XP level 5. HP: 20/28 MP: 8/10
  2127 | D:3      | Found Uxuid's Weapon Boutique.
  2296 | D:3      | Found a sacrificial altar of Ru.
  2321 | D:3      | Found a sparkling altar of Nemelex Xobeh.
  2428 | D:3      | Found Tesoo's Magic Scroll Emporium.
  2437 | D:3      | Bought a scroll of identify for 26 gold pieces
  2604 | D:4      | Noticed Natasha
  2608 | D:4      | Killed Natasha
  2755 | D:4      | Noticed Robin
  2755 | D:4      | Noticed a phantom
  2772 | D:4      | Killed a phantom
  2773 | D:4      | Reached skill level 6 in Earth Magic
  2773 | D:4      | Reached XP level 6. HP: 32/32 MP: 10/12
  2774 | D:4      | Killed Robin
  2788 | D:4      | Noticed Menkaure
  2792 | D:4      | Killed Menkaure
  2821 | D:4      | Reached XP level 7. HP: 36/36 MP: 12/14
  2844 | D:4      | Reached skill level 7 in Earth Magic
  2942 | D:4      | Found a runed translucent gate.
  2942 | D:4      | Found a runed translucent gate.
  2942 | D:4      | Found a runed translucent gate.
  2943 | D:4      | Noticed xzight's ghost (amateur GnWr)
  2956 | D:4      | Noticed Edmund
  2964 | D:4      | Killed Edmund
  2965 | D:4      | Reached skill level 5 in Spellcasting
  3538 | D:4      | Noticed Natasha
  3542 | D:4      | Killed Natasha
  3597 | D:5      | Entered Level 5 of the Dungeon
  3663 | D:5      | Reached skill level 8 in Earth Magic
  3663 | D:5      | Reached XP level 8. HP: 41/41 MP: 14/16
  3680 | D:5      | Found a bloodstained altar of Trog.
  4251 | D:5      | Found a staircase to the Ecumenical Temple.
  4260 | Temple   | Entered the Ecumenical Temple
  4260 | Temple   | Found a transporter.
  4260 | Temple   | Found a transporter.
  4262 | Temple   | Found a transporter.
  4262 | Temple   | Found a transporter.
  4273 | Temple   | Became a worshipper of Vehumet
  4306 | D:5      | Reached skill level 9 in Earth Magic
  4821 | D:6      | Found a sand-covered staircase.
  4829 | Ossuary  | Entered an ossuary
  4829 | Ossuary  | Noticed a wraith
  4829 | Ossuary  | Noticed a wraith
  4829 | Ossuary  | Noticed a wraith
  4843 | Ossuary  | Reached * piety under Vehumet
  4843 | Ossuary  | Offered knowledge of Magic Dart by Vehumet.
  4950 | Ossuary  | Noticed a wraith
  4976 | Ossuary  | Killed a wraith
  5072 | D:6      | Reached skill level 10 in Earth Magic
  5111 | D:6      | Reached XP level 9. HP: 45/45 MP: 20/20
  5197 | D:6      | Offered knowledge of Scorch by Vehumet.
  5494 | D:7      | Found a burning altar of Makhleb.
  5567 | D:7      | Reached ** piety under Vehumet
  5593 | D:7      | Reached skill level 11 in Earth Magic
  6473 | D:8      | Noticed Pikel
  6480 | D:8      | Killed Pikel
  6481 | D:8      | Reached skill level 12 in Earth Magic
  6481 | D:8      | Reached XP level 10. HP: 43/50 MP: 21/23
  6486 | D:8      | Offered knowledge of Frozen Ramparts by Vehumet.
  6905 | D:8      | Found a staircase to the Lair.
  7108 | Lair:1   | Entered Level 1 of the Lair of Beasts
  7244 | Lair:1   | Reached *** piety under Vehumet
  7250 | Lair:1   | Reached skill level 13 in Earth Magic
  7374 | Lair:1   | Noticed a death yak
  7385 | Lair:1   | Killed a death yak
  7386 | Lair:1   | Reached skill level 10 in Spellcasting
  7390 | Lair:1   | Noticed a death yak
  7391 | Lair:1   | Noticed a death yak
  7398 | Lair:1   | Noticed a death yak
  7402 | Lair:1   | Killed a death yak
  7402 | Lair:1   | Noticed a death yak
  7438 | Lair:2   | Noticed a cane toad
  7444 | Lair:2   | Killed a cane toad
  7573 | Lair:2   | Found a transporter.
  7760 | Lair:1   | Noticed a cane toad
  7763 | Lair:1   | Killed a cane toad
  7764 | Lair:1   | Reached skill level 14 in Earth Magic
  7766 | Lair:1   | Reached XP level 11. HP: 43/54 MP: 22/25
  8037 | Lair:1   | Offered knowledge of Inner Flame by Vehumet.
  8567 | Lair:2   | Noticed Gastronok
  8586 | Lair:2   | Killed Gastronok
  8745 | Lair:2   | Reached skill level 15 in Earth Magic
  8796 | Lair:2   | Reached skill level 1 in Conjurations
  9044 | Lair:2   | Found a transporter.
  9045 | Lair:2   | Found a staircase to the Snake Pit.
  9516 | Lair:2   | Reached **** piety under Vehumet
  9595 | Lair:2   | Found a staircase to the Shoals.
  9852 | Lair:2   | Noticed a swamp dragon
  9852 | Lair:2   | Noticed a swamp dragon
  9977 | Lair:3   | Offered knowledge of Yara's Violent Unravelling by Vehumet.
  9978 | Lair:3   | Reached XP level 12. HP: 59/59 MP: 24/28
 10014 | Lair:2   | Reached skill level 5 in Conjurations
 10107 | Lair:3   | HP: 2/59 [blink frog (12)]
 11306 | Lair:3   | Noticed a six-headed hydra
 11316 | Lair:3   | Killed a six-headed hydra
 11317 | Lair:3   | Reached skill level 1 in Fighting
 11776 | Lair:3   | Noticed a catoblepas
 11786 | Lair:3   | Killed a catoblepas
 12317 | Lair:3   | Identified the ring of Yjilo {Will+ AC+4}
 12539 | Lair:4   | Noticed a death yak
 12548 | Lair:4   | Killed a death yak
 12555 | Lair:4   | Reached XP level 13. HP: 59/70 MP: 7/30
 12609 | Lair:4   | Reached ***** piety under Vehumet
 12995 | Lair:4   | Noticed Josephine
 13001 | Lair:4   | Killed Josephine
 13001 | Lair:4   | Offered knowledge of Lee's Rapid Deconstruction by Vehumet.
 13002 | Lair:4   | Reached skill level 5 in Fighting
 13016 | Lair:4   | Learned a level 5 spell: Lee's Rapid Deconstruction
 13118 | Lair:4   | Found a staircase to the Slime Pits.
 13357 | Lair:4   | Found a large runed translucent door.
 13357 | Lair:4   | Found a large runed translucent door.
 13358 | Lair:4   | Noticed Radix's ghost (journeyman BaSu)
 13943 | Lair:5   | Entered Level 5 of the Lair of Beasts
 14232 | Lair:5   | Reached skill level 10 in Conjurations
 14266 | Lair:5   | Demolished by a boulder beetle

Illustrated notes

Levels and vault maps discovered:
D:1:      grunt_arrival_lava_bath, layout_basic,
          dreamdust_ecumenical_altar_angels_and_demons, minmay_misc_feat_roman,
          minmay_misc_feat_rugged
D:2:      layout_loops_ring, basic_altar, serial_shops, shop
D:3:      layout_loops_corners, mainiacjoe_overflow_two_lobes,
          nicolae_overflow_crystal_walls, serial_shops, shop_fountains,
          nicolae_diamond_shop, nicolae_lakefront_shop, uniq_ijyb
D:4:      layout_basic, gammafunk_ghost_necromancy, wad_floor_pattern_untrapped,
          kennysheep_generic_room_5, uniq_menkaure, uniq_robin, uniq_natasha,
          uniq_edmund
D:5:      layout_gridville, trog_three_pillars_becter, minmay_temple_entry_grid,
          solitary_fountain, minivault_26
D:6:      layout_cave_pools, chequers_ossuary_entry_cave
D:7:      layout_basic, mainiacjoe_overflow_cross_hatched
D:8:      layout_rooms, lair_entry_dummy, uniq_pikel
Temple:   hellmonk_temple_divided_pantheon
Lair:1:   layout_hall_layers, gauntlet_entry_generic, infiniplex_staircase_pool
Lair:2:   gammafunk_cloud_chamber, layout_small_grid,
          minmay_shoals_entry_centaurs, dummy_snake_entry, st_stairs_9,
          uniq_gastronok
Lair:3:   layout_layer_cave, minmay_stone_trees_small, bobbens_dragon_lair_wall
Lair:4:   layout_regular_city, slime_entry_1, ebering_ghost_disaster_area,
          minmay_holes, beast_lair_carwin_2, serial_bayou_shore_a,
          uniq_josephine
Lair:5:   wormcave, layout_layer_cave, hangedman_lair_tendril_chambers,
          kennysheep_abandoned_house

Skill      XL: |  1  2  3  4  5  6  7  8  9 10 11 12 13 |
---------------+----------------------------------------+-----
Earth Magic    | 4 5 6 8 10 12 14 15 | 15.9
Spellcasting   | 3 4 5 7 9 10 12 13 14 | 14.1
Conjurations   | 4 8 10 | 10.0
Fighting       | 3 6 |  6.3
Dodging        | |  1.5
Stealth        | |  2.1
Transmutations | |  0.7

Action                   |  1- 3 |  4- 6 |  7- 9 | 10-12 | 13-15 || total
-------------------------+-------+-------+-------+-------+-------++-------
Melee: Unarmed           |     2 |       |       |       |       ||     2
       Short sword       |     5 |     3 |    36 |     5 |    20 ||    69
 Cast: Sandblast         |    38 |    80 |   184 |   178 |    49 ||   529
       Stone Arrow       |       |       |     4 |   132 |    70 ||   206
       Lee's Rapid Decon |       |       |       |       |     3 ||     3
Evoke: Wand              |       |       |       |    12 |     3 ||    15
  Use: Scroll            |       |     8 |     7 |    16 |     2 ||    33
       Potion            |       |       |       |    10 |     5 ||    15
Armor: Robe              |     6 |     6 |    58 |    78 |       ||   148
       Steam dragon scal |       |       |       |    16 |    86 ||   102
Dodge: Dodged            |    14 |     9 |    52 |   100 |    63 ||   238
